 Dungeon Crawl Stone Soup version 0.21.1-1-g345015fe64 (webtiles) character file.

53 Bapho the Cudgeler (level 3, -4/29 HPs)
             Began as a Demonspawn Chaos Knight on June 6, 2018.
             Slain by a gnoll
             ... wielding a +0 halberd
              (15 damage)
             ... on level 2 of the Dungeon.
             The game lasted 00:02:43 (1414 turns).

Bapho the Cudgeler (Demonspawn Chaos Knight)        Turns: 1414, Time: 00:02:46

Health: -4/29      AC:  7    Str: 12    XL:     3   Next: 62%
Magic:  3/3        EV: 10    Int: 13    God:    Xom [.*....]
Gold:   99         SH:  0    Dex: 13    Spells: 2/2 levels left

rFire    . . .     SeeInvis .   a - +0 mace (chaos)
rCold    . . .     Gourm    .   (no shield)
rNeg     . . .     Faith    .   d - +0 ring mail
rPois    .         Spirit   .   (no helmet)
rElec    .         Reflect  .   (no cloak)
rCorr    .         Harm     .   (no gloves)
MR       .....                  (no boots)
Stlth    +.........             (no amulet)
HPRegen  0.09/turn              (no ring)
MPRegen  0.08/turn              (no ring)

@: lethally poisoned (-4 -> -6)
A: iridescent scales 1
a: Renounce Religion


You were on level 2 of the Dungeon.
You worshipped Xom.
You were a plaything of Xom.
You were not hungry.

You visited 1 branch of the dungeon, and saw 2 of its levels.

You collected 99 gold pieces.

Inventory:

Hand Weapons
 a - a +0 mace of chaos (weapon)
Missiles
 i - 11 stones (quivered)
 p - 15 bolts
Armour
 b - a +2 leather armour
 d - a +0 ring mail (worn)
Jewellery
 k - an uncursed ring of ice {unknown}
Scrolls
 e - a scroll of enchant weapon {unknown}
 g - a scroll of enchant armour {unknown}
 h - a scroll of amnesia {unknown}
 j - a scroll of noise {unknown}
 l - 2 scrolls of remove curse {unknown}
 q - a scroll of identify {unknown}
Potions
 m - a potion of degeneration {unknown}
 n - a potion of resistance {unknown}
 o - a potion of curing {unknown}
Comestibles
 c - 5 rations
 f - 4 chunks of flesh


   Skills:
 - Level 3.0 Fighting
 + Level 4.2 Maces & Flails
 - Level 1.7 Armour
 - Level 0.8 Dodging


You had 2 spell levels left.
You didn't know any spells.

Dungeon Overview and Level Annotations

Branches:
Dungeon (2/15)

Altars:


Innate Abilities, Weirdness & Mutations

You are partially covered in iridescent scales. (AC +2)


Message History

The gnoll completely misses you.
You feel sick. The gnoll hits you but does no damage.
The gnoll hits you but does no damage.
You barely miss the gnoll.
You feel sick. The gnoll closely misses you.
The gnoll hits you but does no damage. The gnoll misses you.
You hit the gnoll. You freeze the gnoll.
The gnoll is moderately wounded.
The gnoll hits you but does no damage. The gnoll hits you with a club.
The gnoll hits you from afar with a halberd.
You hit the gnoll. You freeze the gnoll.
The gnoll is almost dead.
The gnoll hits you but does no damage. The gnoll hits you with a club.
The gnoll barely misses you.
You hit the gnoll. Lightning courses through the gnoll!
You kill the gnoll!
You feel sick. The gnoll hits you with a club.
The gnoll hits you from afar with a halberd!
Ouch! That really hurt!
You die...
Xom chortles!

#........#
#.#g.#....[ #....#
#$# #.#g.# ####
#..?.# #.#
#.#..#.#### #....#
#.###.#.g..$..#
#....#
#.....#.##.##.#
#....###.###.#.#
.#
#.........†g...# #
.....###g###.####.
=...###
#.g@)......
#####......
..##### ###


You could see 2 gnolls.

Vanquished Creatures
  A gnoll (D:2)
  An adder (D:2)
  2 dart slugs (D:1)
  A bat (D:1)
  2 giant cockroaches (D:1)
  2 goblins (D:1)
  8 hobgoblins
  3 kobolds (D:1)
  A quokka (D:2)
  2 frilled lizards
  5 rats (D:1)
28 creatures vanquished.

Notes
Turn   | Place    | Note
-------+----------+-------------------------------------------
     0 | D:1      | Bapho the Demonspawn Chaos Knight began the quest for the Orb.
     0 | D:1      | Reached XP level 1. HP: 18/18 MP: 1/1
    42 | D:1      | Reached skill level 3 in Maces & Flails
   204 | D:1      | Gained mutation: You are partially covered in iridescent scales. (AC +2) [demonic ancestry]
   204 | D:1      | Reached XP level 2. HP: 24/24 MP: 2/2
  1056 | D:1      | Reached XP level 3. HP: 29/29 MP: 3/3
  1384 | D:2      | XOM: 5-stop teleportation journey
  1405 | D:2      | Reached skill level 4 in Maces & Flails
  1414 | D:2      | Slain by a gnoll

Skill      XL: |  1  2  3 |
---------------+----------+-----
Maces & Flails | 3 4 |  4.2
Fighting       | |  3.0
Armour         | |  1.7
Dodging        | |  0.8

Action                   || total
-------------------------++-------
Melee: Mace              ||    77
Throw: Stone             ||    29
  Eat: Chunk             ||     2
Armor: Leather armour    ||    11
       Ring mail         ||    21
Dodge: Dodged            ||    50
